 Dungeon Sprint DCSS version 0.31-a0-986-g5e6e4ef867 (webtiles) character file.

Game seed: 15686858013944963406

3 rocky1 the Gusty (level 1, -1/10 HPs)
             Began as a Tengu Air Elementalist on Nov 6, 2023.
             Was a Follower of Sif Muna.
             Slain by a gnoll
             ... wielding a +0 whip
              (8 damage)
             ... in the Dungeon (Sprint VII: "The Pits").
             The game lasted 00:00:35 (106 turns).

rocky1 the Gusty (Tengu Air Elementalist)            Turns: 106, Time: 00:00:36

Health: -1/10      AC:  2    Str:  8    XL:     1   Next: 50%
Magic:  1/4        EV: 12    Int: 15    God:    Sif Muna [*.....]
Gold:   0          SH:  0    Dex: 14    Spells: 3/4 levels left

rFire   . . .        m - +2 falchion (holy)
rCold   . . .        (no shield)
rNeg    . . .        a - +0 robe
rPois   .            (helmet restricted)
rElec   .            (no cloak)
rCorr   .            (no gloves)
SInv    .            (boots unavailable)
Will    .....        (no amulet)
Stlth   ++           (no ring)
HPRegen 0.21/turn    (no ring)
MPRegen 0.09/turn

%: no teleportation, acrobat
@: no status effects
A: beak, talons 3, acrobatic
a: Renounce Religion, Channel Magic


You were in the Dungeon.
You worshipped Sif Muna.
Sif Muna was aware of your devotion.
You visited 1 branch

Inventory:

Hand Weapons
 l - a +2 mace of protection
 m - a +2 falchion of holy wrath (weapon)
Armour
 a - a +0 robe (worn)
Scrolls
 g - a scroll of blinking
 i - 2 scrolls of vulnerability
 j - 5 scrolls of amnesia
 k - a scroll of summoning
Potions
 b - 5 potions of magic
 c - a potion of curing
 d - a potion of heal wounds
 e - a potion of haste
 f - 3 potions of berserk rage
 h - 2 potions of invisibility


   Skills:
 + Level 2.4 Dodging
 + Level 2.2 Stealth
 + Level 2.3 Spellcasting
 + Level 1.5 Conjurations
 + Level 5.0 Air Magic


You had 3 spell levels left.
You knew the following spells:

 Your Spells              Type           Power      Damage    Failure   Level
a - Shock                 Conj/Air       44%        1d5       5%          1

Your spell library contained the following spells:

 Spells                   Type           Power      Damage    Failure   Level
 Static Discharge         Conj/Air       22%        3-4/arc   9%          2
 Swiftness                Air            16%        N/A       9%          3
 Airstrike                Air            8%         2d(2-18)  26%         4


Dungeon Overview and Level Annotations

Branches:
Dungeon (1/1)

Altars:
Ashenzari
Cheibriados
Dithmenos
Elyvilon
Fedhas
Gozag
Hepliaklqana
Kikubaaqudgha
Makhleb
Nemelex Xobeh
Okawaru
Qazlal
Ru
Sif Muna
Trog
Uskayaw
Vehumet
Wu Jian
Xom
Yredelemnul
Zin
The Shining One
Jiyva
Lugonu


Innate Abilities, Weirdness & Mutations

You have a beak for a mouth.
You have claws for feet.
You can magically evade attacks while moving or waiting.


Message History

Things that are here:
a +2 falchion of holy wrath; a +2 dagger
m - a +2 falchion of holy wrath Your +2 falchion of holy wrath softly glows with a divine radiance!
m - a +2 falchion of holy wrath (weapon)
Things that are here:
a +2 quarterstaff; a +2 trident
There is an open door here.
There is an open door here.
You see here an orc corpse.
You open the door.
There is an open door here.
You open the door.
A gnoll and a quokka come into view.
Aiming: Shock (safe; 5% risk of failure)
Press: ? - help, Q - select action Shift-Dir - straight line The zap hits the quokka.
The quokka is severely wounded.
The zap hits the quokka.
The quokka is almost dead.
The gnoll shouts!
Aiming: Shock (safe; 5% risk of failure)
Press: ? - help, Q - select action Shift-Dir - straight line The zap hits the gnoll.
The gnoll is moderately wounded.
The zap hits the quokka but does no damage.
The quokka is almost dead.
The zap misses the quokka.
The gnoll hits you with a +0 whip.
Aiming: Shock (safe; 5% risk of failure)
Press: ? - help, Q - select action Shift-Dir - straight line The zap hits the gnoll but does no damage.
The gnoll is moderately wounded.
The zap hits the quokka.
You kill the quokka!
Sif Muna accepts your kill.
You can now call upon Sif Muna for magical energy.
The gnoll hits you with a +0 whip!
Ouch! That really hurt!
You die...

#..(.')))'.##......#..#
##########.##..........
#...........†...........
#+#####†#####......#..#.
#...'.##...........
#...#.#####'#####+
#####.##.......#
+...#.##.......#
+...g@##.......#
########...<...#
#.......# #.......#
#.......# #########


You could see a gnoll.

Vanquished Creatures
  An orc (D)
  A quokka (D)
  2 rats (D)
4 creatures vanquished.

Notes
Turn   | Place    | Note
-------+----------+-------------------------------------------
     0 | D        | rocky1 the Tengu Air Elementalist began the quest for the
                  | Orb.
     0 | D        | Reached XP level 1. HP: 10/10 MP: 4/4
    36 | D        | Found a bloodstained altar of Trog.
    36 | D        | Found a shimmering blue altar of Sif Muna.
    36 | D        | Found a viscous altar of Jiyva.
    36 | D        | Found a hazy altar of Hepliaklqana.
    36 | D        | Found an opulent altar of Gozag.
    37 | D        | Found a glowing golden altar of the Shining One.
    37 | D        | Found a glowing silver altar of Zin.
    37 | D        | Found a basalt altar of Yredelemnul.
    37 | D        | Found a shimmering altar of Xom.
    37 | D        | Found an ornate altar of the Wu Jian Council.
    37 | D        | Found a sacrificial altar of Ru.
    37 | D        | Found a stormy altar of Qazlal.
    37 | D        | Found an iron altar of Okawaru.
    37 | D        | Found a sparkling altar of Nemelex Xobeh.
    37 | D        | Found a burning altar of Makhleb.
    37 | D        | Found a blossoming altar of Fedhas.
    37 | D        | Found a white marble altar of Elyvilon.
    37 | D        | Found a shadowy altar of Dithmenos.
    37 | D        | Found a snail-covered altar of Cheibriados.
    40 | D        | Found a corrupted altar of Lugonu.
    40 | D        | Found a radiant altar of Vehumet.
    41 | D        | Found an ancient bone altar of Kikubaaqudgha.
    41 | D        | Found a hide-covered altar of Uskayaw.
    41 | D        | Found a broken altar of Ashenzari.
    42 | D        | Became a worshipper of Sif Muna the Loreminder
    54 | D        | Reached skill level 5 in Air Magic
   106 | D        | Reached * piety under Sif Muna
   106 | D        | Slain by a gnoll

Illustrated notes

Levels and vault maps discovered:
D:        pitsprint [storerooms_1, entrance_room_1, metal_vault_7, armoury_3,
          mini_pit_1, grid_room_1, main_hall_1, silver_pit, the_coven_3,
          the_vestibule_1, steel_vault_1, golden_pit, hallway_of_sentries,
          crystal_vault_4, iron_vault_2, final_vault]

Skill      XL: |  1 |
---------------+----+-----
Air Magic      | 5 |  5.0
Dodging        | |  2.4
Stealth        | |  2.2
Spellcasting   | |  2.3
Conjurations   | |  1.5

Action                     || total
---------------------------++-------
   Cast: Shock             ||     8
 Armour: Robe              ||     3

Table legend: (Time is in decaauts)
 A = Elapsed time spent in this place.
 B = Non-inter-level travel time spent in this place.
 C = Inter-level travel time spent in this place.
 D = Time resting spent in this place.
 E = Time spent auto-exploring this place.
 F = Levels seen in this place.
 G = Mean time per level.
                   A        B        C        D        E       F      G
               +--------+--------+--------+--------+--------+-----+--------+
         Total |    105 |     92 |     13 |     23 |      0 |   1 |  105.0 |
       Dungeon |    105 |     92 |     13 |     23 |      0 |   1 |  105.0 |
               +--------+--------+--------+--------+--------+-----+--------+

Top non-repeatable levels by time:
       D: 105 daAuts
